 Dungeon Crawl Stone Soup version 0.26-a0-52-gd53d4cd058 (webtiles) character file.

Game seed: 2376939876637633410

289175 nuthulu the Bludgeoner (level 20, -1/136 HPs)
             Began as a Gargoyle Fighter on May 20, 2020.
             Was the Champion of Okawaru.
             Slain by a deep troll (2 damage)
             ... led by an ironheart preserver
             ... on level 2 of the Vaults on June 6, 2020.
             The game lasted 01:31:02 (44333 turns).

nuthulu the Bludgeoner (Gargoyle Fighter)          Turns: 44333, Time: 01:31:02

Health: -1/136     AC: 50    Str: 27    XL:     20   Next: 71%
Magic:  28/28      EV: 14    Int:  9    God:    Okawaru [******]
Gold:   3564       SH: 23    Dex: 25    Spells: 19/19 levels left

rFire    . . .     SeeInvis +   a - +7 demon whip of Desperation {elec, rN+ Str+3 Stlth+}
rCold    . . .     Gourm    .   c - +2 kite shield
rNeg     + + +     Faith    .   N - +8 chain mail of the Minstrel {Dex+3}
rPois    ∞         Spirit   .   r - +2 helmet
rElec    +         Reflect  +   j - +2 cloak
rCorr    .         Harm     .   m - +2 pair of gloves
MR       +....                  O - +0 pair of boots {Stlth+}
Stlth    ..........             k - amulet "Codghirusch" {Reflect Dex+2 SH+5 SInv}
HPRegen  0.32/turn              q - +6 ring of dexterity
MPRegen  0.21/turn              n - ring of positive energy

@: flying, studying Axes
A: big wings, negative energy resistance 1, electricity resistance, unbreathing,
petrification resistance, rot immunity, AC +15
}: 2/15 runes: serpentine, barnacled
a: Stop Flying, Heroism, Finesse, Renounce Religion


You were on level 2 of the Vaults.
You worshipped Okawaru.
Okawaru was exalted by your worship.
You were hungry.

You visited 7 branches of the dungeon, and saw 33 of its levels.
You visited the Abyss 1 time.
You also visited: Bailey and Volcano.

You collected 5079 gold pieces.
You spent 1515 gold pieces at shops.

Inventory:

Hand Weapons
 a - the +7 demon whip of Desperation (weapon) {elec, rN+ Str+3 Stlth+}
   (You bought it in a shop on level 6 of the Dungeon)

   Occasionally, upon striking a foe, it will discharge some electrical energy
   and cause terrible harm.
   It affects your strength (+3).
   It protects you from negative energy.
   It makes you more stealthy.
 y - a +3 flail of protection
 I - the +2 flail of the Shining Light {vorpal, Dex+2 SInv}
   (You found it on level 4 of the Shoals)

   It inflicts extra damage upon your enemies.
   It affects your dexterity (+2).
   It lets you see invisible.
 K - a +4 eveningstar of protection
Armour
 c - a +2 kite shield (worn)
 j - a +2 cloak (worn)
 m - a +2 pair of gloves (worn)
 r - a +2 helmet (worn)
 v - the +1 cloak "Naqesis" {*Corrode rElec rF+}
   (Okawaru gifted it to you on level 1 of the Lair of Beasts)

   It protects you from fire.
   It insulates you from electricity.
   It may corrode you when you take damage.
 w - the +1 pair of boots "Eji Gycs" {rC- MR+++ SInv Stlth+}
   (You found it on level 8 of the Dungeon)

   It makes you vulnerable to cold.
   It affects your resistance to hostile enchantments.
   It lets you see invisible.
   It makes you more stealthy.
 L - the +0 pair of boots of the Volcano {rElec rPois rF- rCorr}
   (Okawaru gifted it to you on level 6 of the Lair of Beasts)

   It makes you vulnerable to fire.
   It insulates you from electricity.
   It protects you from poison.
   It provides partial protection from all sources of acid and corrosion.
 N - the +8 chain mail of the Minstrel (worn) {Dex+3}
   (You took it off an orc warrior on level 9 of the Dungeon)

   It affects your dexterity (+3).
 O - a +0 pair of boots of stealth (worn)
Jewellery
 b - an uncursed ring of protection from cold
 k - the amulet "Codghirusch" (around neck) {Reflect Dex+2 SH+5 SInv}
   (You bought it in a shop on level 4 of the Shoals)

   [amulet of reflection]

   It shields you and reflects attacks.
   It affects your dexterity (+2).
   It lets you see invisible.
   It affects your SH (+5).
 n - a ring of positive energy (right hand)
 q - a +6 ring of dexterity (left hand)
 C - an uncursed amulet of guardian spirit
 H - an uncursed amulet of the acrobat
 M - an uncursed amulet of regeneration
Wands
 d - a wand of digging (9)
 x - a wand of random effects (11)
 A - a wand of iceblast (22)
 B - a wand of polymorph (42)
 E - a wand of disintegration (26)
 F - a wand of clouds (3)
 W - a wand of paralysis (12)
Scrolls
 o - 15 scrolls of remove curse
 p - 5 scrolls of blinking
 s - 10 scrolls of teleportation
 D - 8 scrolls of magic mapping
 G - 2 scrolls of fear
 Q - 6 scrolls of fog
 S - 3 scrolls of silence
 T - 2 scrolls of amnesia
 V - 2 scrolls of identify
Potions
 e - 4 potions of haste
 g - a potion of cancellation
 h - 7 potions of curing
 i - 6 potions of mutation
 l - 4 potions of lignification
 t - 3 potions of resistance
 u - 5 potions of flight
 z - 3 potions of stabbing
 J - 2 potions of heal wounds
 P - 3 potions of magic
 R - 2 potions of might
 U - 4 potions of invisibility
Books
 Y - a manual of Axes
Comestibles
 f - 38 rations
 X - 7 chunks of flesh


   Skills:
 - Level 17.9 Fighting
 * Level 20.8 Maces & Flails
 - Level 16.8 Armour
 - Level 6.2 Dodging
 - Level 15.0 Shields
 - Level 11.4 Invocations


You had 19 spell levels left.
You didn't know any spells.
Your spell library contained the following spells:

 Spells                   Type           Power        Failure   Level  Hunger
 Magic Dart               Conj           #...         80%         1    ##.....
 Sting                    Tmut/Pois      #...         80%         1    ##.....
 Poisonous Vapours        Pois/Air       #.....       90%         2    ###....
 Searing Ray              Conj           #.....       90%         2    ###....
 Confusing Touch          Hex            #.......     99%         3    ####...
 Dazzling Flash           Conj/Hex       #.....       99%         3    ####...
 Gell's Gravitas          Tloc           #.........   99%         3    ####...
 Ignite Poison            Fire/Tmut/Pois #.......     99%         3    ####...
 Mephitic Cloud           Conj/Pois/Air  #.......     99%         3    ####...
 Recall                   Summ/Tloc      N/A          99%         3    ####...
 Animate Dead             Necr           N/A          100%        4    #####..
 Fulminant Prism          Conj/Hex       #.........   100%        4    #####..
 Ice Form                 Ice/Tmut       #.......     100%        4    #####..
 Iskenderun's Mystic Bla  Conj/Tloc      #.......     100%        4    #####..
 Olgreb's Toxic Radiance  Pois           #.......     100%        4    #####..
 Petrify                  Tmut/Erth      #.......     100%        4    #####..
 Borgnjor's Vile Clutch   Necr/Erth      #.........   100%        5    ######.
 Metabolic Englaciation   Hex/Ice        #.........   100%        5    ######.
 Yara's Violent Unravell  Hex/Tmut       #.........   100%        5    ######.
 Death Channel            Necr           #.........   100%        6    #######
 Freezing Cloud           Conj/Ice/Air   #.........   100%        6    #######
 Ozocubu's Refrigeration  Ice            #.........   100%        6    #######
 Simulacrum               Ice/Necr       #.........   100%        6    #######


Dungeon Overview and Level Annotations

Branches:
Dungeon (14/15)            Temple (1/1) D:4            Lair (6/6) D:9
 Shoals (4/4) Lair:2        Snake (4/4) Lair:3        Slime (0/5) Lair:6
    Orc (2/2) D:12            Elf (0/3) Orc:2        Vaults (2/5) D:13
 Bailey (visited)         Volcano (visited)
  Crypt: Vaults:2-3

Altars:
Cheibriados
Dithmenos
Elyvilon
Fedhas
Gozag
Hepliaklqana
Kikubaaqudgha
Makhleb
Nemelex Xobeh
Okawaru
Qazlal
Ru
Sif Muna
Trog
Uskayaw
Vehumet
Wu Jian
Xom
Yredelemnul
The Shining One
Beogh

Shops:
D:6 ?((:   D:11 }   Orc:2 **[}}%*   Shoals:4 =   Snake:1 }

Annotations:
Lair:3 exclusion: oklob plant
Lair:5 exclusion: oklob plant


Innate Abilities, Weirdness & Mutations

You are resistant to torment.
Your stone body is resilient. (AC +15)
You are immune to poison.
Your large and strong wings let you fly indefinitely.
You resist negative energy. (rN+)
You are resistant to electric shocks. (rElec)
You can survive without breathing.
You are immune to petrification.
You are immune to rotting.


Message History

You thrash the deep elf annihilator!!
Lightning courses through the deep elf annihilator!
You kill the deep elf annihilator!
Okawaru accepts your kill. You block the deep troll's attack. x3
You block the deep troll's attack. The deep troll misses you.
You block the deep troll's attack.
You see here a +0 long sword.
You hit the deep troll but do no damage.
You block the deep troll's attack. x3
You whack the deep troll!
The deep troll is moderately wounded.
You block the deep troll's attack. x2; The deep troll claws you!!
* * * LOW HITPOINT WARNING * * *
You hit the deep troll.
The deep troll is moderately wounded.
The deep troll bites you!!
* * * LOW HITPOINT WARNING * * *
The deep troll claws you.
You die...

#...T...#......'.
#.(.....#......# #..(T().'......#
#.....(.#......# #.......#......#
#########.T....#
#########)##'##############
#........T.................
#.......)T@................
#..........................
#....................######
#....................#..[..
#######....................#.....
......'......#####'#####...#.....
......#......#.........#...#.....
......#......#.).......#...#.....
......#......#.........'...#.....


You could see 2 deep trolls and a deep troll shaman.

Vanquished Creatures
  Mara (Shoals:3)
  Saint Roka (Snake:3)
  Nikola (Snake:2)
  A lich (Abyss:3)
  Jorgrun (Orc:2)
  2 krakens (Shoals:3)
  A tentacled starspawn (Abyss:3)
  Agnes (Snake:2)
  Roxanne (Shoals:1)
  12 nagarajas (Snake:4)
  Ilsuiw (Shoals:3)
  A deep elf sorcerer (Vaults:2)
  Louise (Shoals:2)
  Aizul (Snake:2)
  A frost giant (Shoals:4)
  An orc warlord (Orc:2)
  4 vault wardens
  A war gargoyle (Vaults:1)
  5 ironheart preservers
  3 stone giants (Vaults:2)
  A deep elf demonologist (Vaults:2)
  A deep elf annihilator (Vaults:2)
  2 deep elf death magi (Vaults:2)
  4 merfolk javelineers (Shoals:4)
  Josephine (D:11)
  A great orb of eyes (shapeshifter) (Vaults:1)
  3 fire dragons
  14 merfolk impalers
  7 vault guards
  Harold (D:8)
  2 merfolk avatars
  An ice dragon (Vaults:1)
  11 naga warriors
  The ghost of Amnesiac the Markself, a journeyman DEAM of Okawaru (Orc:1)
  5 hydras
  8 merfolk aquamancers
  A catoblepas (Lair:6)
  6 centaur warriors
  8 alligator snapping turtles
  A death knight (Vaults:2)
  4 deep troll shamans
  20 anacondas
  7 ogre magi
  29 two-headed ogres
  2 deep troll earth magi (Vaults:1)
  2 thrashing horrors (Abyss:3)
  The ghost of DEFE the Carver, a novice DsWn of Ashenzari (D:9)
  8 shock serpents
  8 naga sharpshooters
  Sonja (D:11)
  A wretched star (Abyss:3)
  A fire crab (Lair:6)
  A deep elf knight (Vaults:2)
  2 hell knights (Abyss:3)
  16 skeletal warriors
  An unseen horror (D:11)
  A large abomination (Abyss:3)
  A shadow wraith (Vaults:1)
  2 salamander mystics
  A swamp dragon (Lair:6)
  3 deep trolls
  A deep elf archer (Vaults:2)
  10 sea snakes
  11 harpies
  2 lindwurms (Lair:6)
  4 mana vipers
  5 naga ritualists
  6 ironbrand convokers
  9 orc knights
  3 ugly things
  An anaconda skeleton (Volcano)
  4 orc sorcerers
  3 necromancers
  A stone giant zombie (Vaults:2)
  11 manticores
  2 wolf spiders
  11 cyclopes
  2 fauns
  A frost giant skeleton (Vaults:1)
  8 salamanders
  7 vault sentinels
  37 black mambas
  8 merfolk sirens
  7 elephants
  4 water nymphs
  14 guardian serpents
  Joseph (Lair:1)
  5 torpor snails (Lair:6)
  A spiny frog (shapeshifter) (Vaults:1)
  9 spiny frogs
  20 naga magi
  4 rime drakes (Lair:6)
  4 gargoyles (Volcano)
  A hellion (Abyss:3)
  A freezing wraith (Vaults:2)
  5 komodo dragons
  8 yaktaurs (Vaults:2)
  A tengu conjurer (D:13)
  14 trolls
  35 merfolk
  4 blink frogs (Lair:4)
  5 wind drakes
  A polar bear (Lair:6)
  3 tyrant leeches (Lair:6)
  9 hornets
  2 harpy skeletons (Volcano)
  8 hippogriffs
  7 snapping turtles
  A frost giant simulacrum (Vaults:2)
  15 dream sheep
  10 slime creatures
  A hippogriff (shapeshifter) (Vaults:2)
  2 flying skulls (Volcano)
  An air elemental (Abyss:4)
  A dire elephant simulacrum (Abyss:3)
  A wyvern (D:13)
  A vampire (D:13)
  14 water elementals
  5 wraiths
  Sigmund (D:2)
  An alligator skeleton (Volcano)
  A tarantella (shapeshifter) (Vaults:2)
  Eustachio (D:6)
  32 yaks
  7 vampire mosquitoes
  3 basilisks
  3 hogs (D:8)
  5 humans
  6 hungry ghosts
  2 steam dragons
  Grum (D:6)
  41 nagas
  4 wargs
  3 acid dragons
  A soldier ant (D:11)
  10 water moccasins
  4 porcupines
  Purgy (D:3)
  An elf skeleton (Vaults:1)
  2 eyes of draining
  3 ice beasts
  A hornet zombie (D:10)
  An ogre skeleton (Vaults:1)
  35 orc warriors
  3 phantoms
  A black bear (D:7)
  3 sky beasts
  29 ogres
  16 wolves
  7 boggarts (Vaults:1)
  A tengu (shapeshifter) (Vaults:1)
  12 centaurs
  An orc skeleton (Vaults:1)
  7 crocodiles
  Blork the orc (D:6)
  3 big kobolds
  A wyvern zombie (D:13)
  A human zombie (Vaults:2)
  13 bullfrogs
  2 human skeletons (Vaults:2)
  A gnoll sergeant (D:6)
  A wyvern skeleton (D:6)
  9 scorpions
  7 killer bees
  4 vampire bats (D:4)
  5 spriggan skeletons (Volcano)
  13 wights
  4 electric eels
  A bullfrog zombie (D:10)
  4 howler monkeys
  7 crimson imps
  2 quasits
  2 centaur zombies
  16 hounds
  2 centaur skeletons (D:10)
  2 gnoll shamans
  2 bullfrog skeletons
  16 orc priests
  10 iguanas
  Natasha (thrice) (D:2)
  28 orc wizards
  11 worker ants
  3 hell rats (Lair:3)
  2 naga skeletons (Volcano)
  2 hound zombies (D:7)
  3 hound skeletons
  A worker ant zombie (D:10)
  18 gnolls
  6 river rats (Lair:3)
  11 adders
  5 shadow imps
  An adder zombie (D:7)
  3 worms (D:3)
  A dart slug (D:1)
  10 leopard geckos
  96 orcs
  A ball python (D:1)
  6 giant cockroaches
  12 goblins
  8 hobgoblins
  15 jackals
  2 quokkas (D:4)
  11 bats
  2 frilled lizards
  40 kobolds
  A quokka skeleton (D:5)
  8 rats
  5 crawling corpses (Vaults:2)
  A fungus (Lair:6)
  3 plants
  A starspawn tentacle (Abyss:3)
1303 creatures vanquished.

Vanquished Creatures (others)
  A naga warrior (Snake:4)
  A wizard (Vaults:1)
  A manticore (Shoals:4)
  A flying skull (Volcano)
  A human (D:13)
  An orc wizard (Orc:2)
  An orc (Vaults:2)
  A kobold (D:12)
  A bush (Lair:6)
  8 fungi (Lair:6)
  45 plants
  A starspawn tentacle (Abyss:3)
  8 tentacles (Shoals:3)
71 creatures vanquished.

Grand Total: 1374 creatures vanquished

Notes
Turn   | Place    | Note
-------+----------+-------------------------------------------
     0 | D:1      | nuthulu the Gargoyle Fighter began the quest for the Orb.
     0 | D:1      | Reached XP level 1. HP: 14/14 MP: 1/1
   134 | D:1      | Reached XP level 2. HP: 19/19 MP: 2/2
   757 | D:1      | Reached XP level 3. HP: 24/24 MP: 3/3
   782 | D:1      | Reached skill level 3 in Maces & Flails
   934 | D:2      | Reached XP level 4. HP: 21/30 MP: 4/4
  1044 | D:2      | Noticed Sigmund
  1257 | D:2      | Killed Sigmund
  1257 | D:2      | Reached skill level 5 in Fighting
  1257 | D:2      | Reached skill level 4 in Maces & Flails
  1257 | D:2      | Reached XP level 5. HP: 32/35 MP: 5/5
  1318 | D:2      | Reached XP level 6. HP: 34/40 MP: 6/6
  1457 | D:2      | Noticed Natasha
  1458 | D:2      | Found a shimmering altar of Xom.
  1465 | D:2      | Killed Natasha
  1475 | D:2      | Noticed Natasha
  1485 | D:2      | Killed Natasha
  1613 | D:2      | You fall into a shaft and drop 2 floors!
  1726 | D:3      | Noticed Purgy
  1762 | D:3      | Killed Purgy
  1762 | D:3      | Reached skill level 5 in Maces & Flails
  1966 | D:2      | Noticed Natasha
  1979 | D:2      | Reached XP level 7. HP: 46/47 MP: 7/7
  2003 | D:2      | Killed Natasha
  2029 | D:2      | Found a radiant altar of Vehumet.
  2061 | D:2      | Found a bloodstained altar of Trog.
  2061 | D:2      | Found a shadowy altar of Dithmenos.
  2362 | D:3      | Found a hazy altar of Hepliaklqana.
  2362 | D:3      | Found a hide-covered altar of Uskayaw.
  2362 | D:3      | Found a blossoming altar of Fedhas.
  2384 | D:3      | Found a glowing golden altar of the Shining One.
  2863 | D:4      | Found a staircase to the Ecumenical Temple.
  2892 | Temple   | Entered the Ecumenical Temple
  2966 | Temple   | Became a worshipper of Warmaster Okawaru
  3025 | D:3      | Found a white marble altar of Elyvilon.
  3025 | D:3      | Found an ornate altar of the Wu Jian Council.
  3139 | D:3      | Reached skill level 6 in Maces & Flails
  3664 | D:4      | Reached XP level 8. HP: 11/54 MP: 8/8
  3958 | D:4      | You fall into a shaft and drop 2 floors!
  3987 | D:6      | Noticed Eustachio
  4038 | D:6      | Found an iron altar of Okawaru.
  4048 | D:5      | Entered Level 5 of the Dungeon
  4317 | D:5      | Reached * piety under Okawaru
  4317 | D:5      | Reached skill level 7 in Maces & Flails
  4900 | D:5      | Found a shadowy altar of Dithmenos.
  5245 | D:4      | Reached skill level 8 in Maces & Flails
  5262 | D:4      | Reached XP level 9. HP: 60/60 MP: 9/9
  6126 | D:6      | Killed Eustachio
  6126 | D:6      | Reached skill level 10 in Fighting
  6158 | D:6      | Noticed Blork the orc
  6169 | D:6      | Killed Blork the orc
  6169 | D:6      | Reached skill level 9 in Maces & Flails
  6289 | D:6      | Reached ** piety under Okawaru
  6312 | D:6      | Found Kiri Mucs's Antique Weapon Shoppe.
  6312 | D:6      | Found Alurem's Book Shoppe.
  6323 | D:6      | Found Xiopiu's Magic Scroll Shoppe.
  6323 | D:6      | Found Unuraq's Antique Weapon Shoppe.
  6653 | D:6      | HP: 1/63 [hound (3)]
  7036 | D:6      | Noticed Grum
  7048 | D:6      | Killed Grum
  7048 | D:6      | Reached skill level 10 in Maces & Flails
  7130 | D:6      | Found a shimmering blue altar of Sif Muna.
  7388 | D:7      | Found a stormy altar of Qazlal.
  7499 | D:7      | Reached XP level 10. HP: 66/68 MP: 10/10
  7750 | D:7      | Reached *** piety under Okawaru
  7925 | D:7      | Found a radiant altar of Vehumet.
  7926 | D:7      | Noticed a two-headed ogre
  7964 | D:7      | Killed a two-headed ogre
  7964 | D:7      | Reached skill level 11 in Maces & Flails
  8607 | D:8      | Got a pair of dazzling boots
  8618 | D:8      | Identified the +1 pair of boots "Eji Gycs" {rC- MR+++ SInv
                  | Stlth+} (You found it on level 8 of the Dungeon)
  8734 | D:8      | Found a sacrificial altar of Ru.
  8746 | D:8      | Noticed a two-headed ogre
  8769 | D:8      | Killed a two-headed ogre
  8769 | D:8      | Reached **** piety under Okawaru
  8796 | D:8      | Reached skill level 12 in Maces & Flails
  9287 | D:8      | Reached XP level 11. HP: 75/76 MP: 11/11
  9304 | D:8      | Noticed Harold
  9331 | D:8      | Killed Harold
  9336 | D:8      | Reached ***** piety under Okawaru
 10590 | D:9      | Found a staircase to the Lair.
 10611 | D:9      | Reached skill level 13 in Maces & Flails
 11039 | D:9      | Noticed a two-headed ogre
 11056 | D:9      | Killed a two-headed ogre
 11197 | D:9      | Found a runed translucent gate.
 11198 | D:9      | Noticed DEFE's ghost (novice DsWn)
 11349 | D:9      | Identified the +2 short sword of Tomorrow {drain, *Drain
                  | Fragile rN+ Int+7}
 11349 | D:9      | Identified the +8 chain mail of the Minstrel {Dex+3}
 11354 | D:9      | Found a runed translucent gate.
 11354 | D:9      | Found a runed translucent gate.
 11413 | D:6      | Bought a bloodstained demon whip for 520 gold pieces
 11413 | D:6      | Identified the +7 demon whip of Desperation {elec, rN+
                  | Str+3 Stlth+} (You bought it in a shop on level 6 of the
                  | Dungeon)
 11541 | D:9      | Found a roughly hewn altar of Beogh.
 11790 | Lair:1   | Entered Level 1 of the Lair of Beasts
 12037 | Lair:1   | Reached skill level 1 in Invocations
 12367 | Lair:1   | Noticed Joseph
 12386 | Lair:1   | Killed Joseph
 12524 | Lair:1   | Received a gift from Okawaru
 12527 | Lair:1   | Identified the +1 cloak "Naqesis" {*Corrode rElec rF+}
                  | (Okawaru gifted it to you on level 1 of the Lair of Beasts)
 12586 | Lair:1   | Reached skill level 5 in Shields
 12915 | Lair:1   | Reached XP level 12. HP: 55/82 MP: 13/15
 13880 | Lair:2   | Found a staircase to the Shoals.
 13893 | Lair:2   | Reached skill level 5 in Invocations
 14359 | Lair:3   | Found a dark tunnel.
 14507 | Volcano  | Entered a volcano
 15295 | Lair:3   | Noticed a five-headed hydra
 15312 | Lair:3   | Killed a five-headed hydra
 15522 | Lair:3   | Found a staircase to the Snake Pit.
 16069 | Lair:4   | Received a gift from Okawaru
 16069 | Lair:4   | Reached XP level 13. HP: 87/87 MP: 19/19
 16276 | Lair:4   | Got a faintly glowing diamond amulet
 16278 | Lair:4   | Identified the amulet of Free Will {Reflect rElec Int+2
                  | SH+5} (You found it on level 4 of the Lair of Beasts)
 16362 | Lair:4   | Reached skill level 10 in Shields
 17056 | Lair:5   | Found a hide-covered altar of Uskayaw.
 17504 | Lair:5   | Found an ancient bone altar of Kikubaaqudgha.
 17792 | Lair:6   | Entered Level 6 of the Lair of Beasts
 17820 | Lair:6   | Reached skill level 10 in Invocations
 18461 | Lair:6   | Received a gift from Okawaru
 18477 | Lair:6   | Identified the +0 pair of boots of the Volcano {rElec rPois
                  | rF- rCorr} (Okawaru gifted it to you on level 6 of the Lair
                  | of Beasts)
 18539 | Lair:6   | Found a runed translucent door.
 18539 | Lair:6   | Noticed a fire dragon
 18630 | Lair:6   | Killed a fire dragon
 19573 | Lair:6   | Found a staircase to the Slime Pits.
 19680 | Lair:6   | Reached skill level 5 in Armour
 19947 | Lair:6   | Gained mutation: Your large and strong wings let you fly
                  | indefinitely. [Gargoyle growth]
 19947 | Lair:6   | Reached XP level 14. HP: 89/92 MP: 22/22
 20137 | Lair:6   | Reached ****** piety under Okawaru
 20402 | Lair:6   | Received a gift from Okawaru
 21015 | D:9      | Killed DEFE's ghost
 21060 | D:9      | Identified the cursed -5 helmet "Cyimaiwu" {rElec rPois rC-
                  | SInv} (You found it on level 9 of the Dungeon)
 21063 | D:9      | Identified the cursed -2 pair of gloves "Siblef" {Dex+3}
                  | (You found it on level 9 of the Dungeon)
 21124 | D:10     | Entered Level 10 of the Dungeon
 21637 | D:11     | Noticed Josephine
 21654 | D:11     | Killed Josephine
 21876 | D:11     | Received a gift from Okawaru
 21913 | D:11     | Found Regiehen's Gadget Shoppe.
 21957 | D:11     | Noticed Sonja
 22012 | D:11     | Killed Sonja
 22814 | D:12     | Found a staircase to the Orcish Mines.
 23388 | D:13     | Found a flagged portal.
 23408 | Bailey   | Entered a bailey
 23791 | D:13     | Reached skill level 10 in Armour
 23798 | D:13     | Received a gift from Okawaru
 23818 | D:13     | Identified the +0 buckler of the Hidden Gods {rPois rF+}
                  | (Okawaru gifted it to you on level 13 of the Dungeon)
 24094 | D:13     | Reached XP level 15. HP: 89/97 MP: 23/23
 24262 | D:13     | Found a gate to the Vaults.
 24531 | D:13     | Reached skill level 15 in Shields
 24645 | D:13     | Reached skill level 1 in Dodging
 24863 | Orc:1    | Entered Level 1 of the Orcish Mines
 25042 | Orc:1    | Found a roughly hewn altar of Beogh.
 25161 | Orc:1    | Found a runed translucent gate.
 25163 | Orc:1    | Found a runed translucent gate.
 25163 | Orc:1    | Found a runed translucent gate.
 25170 | Orc:1    | Noticed Amnesiac's ghost (journeyman DEAM)
 25172 | Orc:1    | Identified the cursed +1 eveningstar of Untimely Demise
                  | {vorpal, +Rage Str+9 Dex-2 SInv}
 25177 | Orc:1    | Found a roughly hewn altar of Beogh.
 25267 | Orc:1    | Killed Amnesiac's ghost
 25542 | Orc:2    | Entered Level 2 of the Orcish Mines
 25542 | Orc:2    | Found Pyurivvi's General Store.
 25552 | Orc:2    | Bought a scroll of enchant armour for 112 gold pieces
 25552 | Orc:2    | Bought a scroll of enchant armour for 112 gold pieces
 25724 | Orc:2    | Noticed Jorgrun
 25836 | Orc:2    | Killed Jorgrun
 25963 | Orc:2    | Noticed an orc warlord
 26001 | Orc:2    | Killed an orc warlord
 26194 | Orc:2    | Found Reschir's Mass Market.
 26213 | Orc:2    | Found Cyog's Gadget Shop.
 26216 | Orc:2    | Found Lokese's Armour Emporium.
 26238 | Orc:1    | Received a gift from Okawaru
 26604 | Orc:2    | Found Womeamm's Gadget Boutique.
 26607 | Orc:2    | Found Roukk's Food Boutique.
 26699 | Orc:2    | Found a staircase to the Elven Halls.
 26709 | Orc:2    | Paralysed by an orc sorcerer for 2 turns
 26882 | Orc:2    | Found Josyiku's Mayhem Merchandise.
 27308 | Snake:1  | Entered Level 1 of the Snake Pit
 27316 | Snake:1  | Received a gift from Okawaru
 27319 | Snake:1  | Reached XP level 16. HP: 97/105 MP: 24/24
 27473 | Snake:1  | Found Ecywelig's Gadget Shoppe.
 27734 | Snake:1  | Reached skill level 5 in Dodging
 27949 | Snake:2  | Noticed Aizul
 27967 | Snake:2  | Killed Aizul
 28044 | Snake:2  | Noticed Agnes
 28064 | Snake:2  | Killed Agnes
 28900 | Snake:2  | Noticed Nikola
 28916 | Snake:2  | Killed Nikola
 29576 | Snake:3  | Received a gift from Okawaru
 29636 | Snake:3  | Reached skill level 15 in Fighting
 29691 | Snake:3  | Noticed Saint Roka
 29929 | Snake:3  | Killed Saint Roka
 30406 | Snake:3  | Found a basalt altar of Yredelemnul.
 30712 | Snake:4  | Entered Level 4 of the Snake Pit
 30735 | Snake:4  | Reached XP level 17. HP: 113/113 MP: 25/25
 31284 | Snake:4  | Received a gift from Okawaru
 31544 | Snake:4  | Reached skill level 15 in Armour
 32756 | Snake:4  | Received a gift from Okawaru
 32797 | Snake:4  | Got a heavily runed kite shield {god gift}
 32808 | Snake:4  | Identified the +3 kite shield of the Morning Star {MR-
                  | Str+3 Dex+2} (Okawaru gifted it to you on level 4 of the
                  | Snake Pit)
 33057 | Snake:4  | Reached XP level 18. HP: 115/124 MP: 26/26
 33565 | Snake:4  | Got a serpentine rune of Zot
 33821 | Shoals:1 | Entered Level 1 of the Shoals
 33912 | Shoals:1 | Identified Roxanne's Catalogue of Earth
 33912 | Shoals:1 | Noticed Roxanne
 33943 | Shoals:1 | Killed Roxanne
 34881 | Shoals:2 | Reached skill level 14 in Maces & Flails
 35013 | Shoals:2 | Noticed Louise
 35023 | Shoals:2 | Killed Louise
 35237 | Shoals:2 | Received a gift from Okawaru
 36099 | Shoals:3 | Reached skill level 15 in Maces & Flails
 36197 | Shoals:3 | Noticed Ilsuiw
 36249 | Shoals:3 | Killed Ilsuiw
 36694 | Shoals:3 | Noticed Mara
 36719 | Shoals:3 | Noticed nuthulu's illusion
 36725 | Shoals:3 | Killed Mara
 37193 | Shoals:3 | Reached skill level 16 in Maces & Flails
 37579 | Shoals:4 | Entered Level 4 of the Shoals
 37613 | Shoals:4 | Reached XP level 19. HP: 114/130 MP: 20/27
 37643 | Shoals:4 | Received a gift from Okawaru
 38663 | Shoals:4 | Reached skill level 17 in Maces & Flails
 38847 | Shoals:4 | Found Umulyczinni's Jewellery Emporium.
 38869 | Shoals:4 | Bought the amulet "Codghirusch" {Reflect Dex+2 SH+5 SInv}
                  | for 771 gold pieces
 40257 | Shoals:4 | Got a barnacled rune of Zot
 40646 | Shoals:4 | Got a crude flail
 40647 | Shoals:4 | Identified the cursed +2 flail of the Shining Light
                  | {vorpal, Dex+2 SInv} (You found it on level 4 of the
                  | Shoals)
 41036 | Vaults:1 | Entered Level 1 of the Vaults
 41297 | Vaults:1 | Reached skill level 18 in Maces & Flails
 41330 | Vaults:1 | Received a gift from Okawaru
 42050 | Vaults:1 | Received a gift from Okawaru
 42056 | Vaults:1 | Got an encrusted helmet {god gift}
 42067 | Vaults:1 | Identified the +0 helmet "Qeoleve" {Int+3} (Okawaru gifted
                  | it to you on level 1 of the Vaults)
 42571 | Vaults:1 | Reached skill level 19 in Maces & Flails
 42588 | Vaults:1 | Reached XP level 20. HP: 127/136 MP: 28/28
 42895 | Vaults:1 | Upgraded the game from 0.25-a0-1133-g93ebf739aa to
                  | 0.26-a0-52-gd53d4cd058
 43567 | Vaults:2 | Reached skill level 20 in Maces & Flails
 43607 | Vaults:2 | Cast into level 3 of the Abyss (a deep elf sorcerer)
 43757 | Abyss:3  | Noticed a lich
 43767 | Abyss:3  | Killed a lich
 43767 | Abyss:3  | Received a gift from Okawaru
 43800 | Vaults:2 | Escaped the Abyss
 44333 | Vaults:2 | HP: 1/136 [deep troll[an ironheart preserver] (27)]
 44333 | Vaults:2 | Slain by a deep troll

Illustrated notes

Levels and vault maps discovered:
D:1:      psy_arrival_statuary, layout_basic, hangedman_decor_peaks_small
D:2:      layout_rooms, gammafunk_temple_overflow_wave, lemuel_round_altar,
          vehumet_crystals, uniq_natasha, uniq_sigmund
D:3:      layout_rooms, nicolae_overflow_hidden_temple,
          grunt_temple_overflow_cloverleaf, uniq_purgy
D:4:      layout_basic, minmay_temple_entry_slanted, first_ration,
          roderic_batcave, kennysheep_generic_room_14
D:5:      layout_rooms, serial_rivers, chequers_serial_rivers_micro_b,
          chequers_serial_rivers_room_a, chequers_serial_rivers_small_3,
          chequers_serial_rivers_micro_a, grunt_dithmenos_shadows
D:6:      layout_cave_pools, tgw_sif, serial_gnoll_camp, grums_kennel,
          gnoll_camp_mini_basic, gnoll_camp_mini_basic,
          gnoll_camp_mini_loothouse, minmay_shop_grid_forest,
          hangedman_decor_lopped, okawaru_metal_pillars_1_2, uniq_eustachio,
          uniq_blork_the_orc
D:7:      minmay_the_grid_octo_tiled_squarecenter
          [minmay_the_grid_octo_tetromino_candy, minmay_the_grid_octo_clover,
          minmay_the_grid_octo_vomiting_pacman, minmay_the_grid_octo_chip,
          minmay_the_grid_square_5x5_megaprize_diamond,
          minmay_the_grid_square_5x5_detours,
          minmay_the_grid_square_5x5_two_small,
          minmay_the_grid_square_5x5_beaten_path,
          minmay_the_grid_square_5x5_spiral_small], layout_basic,
          nicolae_overflow_crystal_walls
D:8:      layout_cave_pools, nicolae_ru_sacrificial_ziggurat, grunt_livestock,
          roderic_roman_lattice, minmay_tree_intersection,
          ebering_dispersal_statue_hall, uniq_harold
D:9:      layout_basic, david_lair_generic, biasface_ghost_orc_armoury
D:10:     layout_rooms
D:11:     layout_rooms, serial_shops, kennysheep_little_box, uniq_josephine,
          uniq_sonja
D:12:     layout_cave_pools, orc_0_dummy, minmay_parallelograms,
          nicolae_underground_beach
D:13:     minmay_isolated_rectangles_in_corner, layout_long_grid,
          ximxim_vaults_locker_room, enter_bailey_1
D:14:     layout_basic, minmay_misc_feat_tiny
Temple:   nicolae_temple_figure_zero
Lair:1:   layout_cave_pods, chequers_serial_rivers_micro_e, minivault_23,
          grunt_megastairs_2, uniq_joseph
Lair:2:   layout_chaotic_city, shoals_dummy_entry, grunt_megastairs_3
Lair:3:   layout_cave_pods, guppyfry_snake_entry_garden,
          nicolae_volcano_entry_s_turn, kennysheep_abandoned_house,
          minmay_lair_oklob_chamber, lemuel_fruit_tree
Lair:4:   layout_small_grid, st_stairs_4, chequers_serial_rivers_small_3,
          hibernation_bobbens
Lair:5:   layout_cave_pods, basic_altar, lemuel_oklob_altar,
          serial_bayou_shore_b
Lair:6:   guppyfry_lair_end_dragon, layout_misc_corridors, wormcave,
          slime_dummy, nicolae_quartered_pool_medium, serial_bayou_lake_a,
          grunt_megastairs_1
Shoals:1: layout_shoals, uniq_roxanne
Shoals:2: layout_shoals, nicolae_shoals_aquamancer_cove, uniq_louise
Shoals:3: layout_shoals, uniq_ilsuiw, uniq_mara
Shoals:4: shoals_end_grunt_ice, layout_shoals, shoals_ilsuiw_alternative,
          portal_ice_cave_entry_pillars_four, serial_shops, shop
Snake:1:  layout_onion, serial_shops, shop
Snake:2:  layout_layer_cave, serial_bayou_shore_a, uniq_aizul, uniq_nikola,
          uniq_agnes
Snake:3:  layout_rooms, basic_altar, uniq_saint_roka
Snake:4:  grunt_snake_rune_serpentine_throne, layout_onion, st_stairs_5
Orc:1:    layout_caves, biasface_ghost_orc_armoury, basic_altar,
          nicolae_orc_damp_corner, nicolae_orc_flooded_monolith
Orc:2:    st_orc_open, layout_caves, serial_shops, shop, minmay_shop_mayhem,
          minmay_shop_mass, uniq_jorgrun
Vaults:1: st_more_cells, nicolae_vaults_circle_grid_b, ontoclasm_vaults_twist,
          ontoclasm_vaults_fault, v_rooms_3, hangedman_vaults_slice, v_misc_18,
          layout_vaults_omnigrid
Vaults:2: nicolae_vaults_three_branches, nicolae_vaults_triangles,
          grunt_vaults_funnel, v_misc_30, nicolae_vaults_meeting, v_misc_16,
          v_misc_29, ontoclasm_vaults_chip, layout_vaults_big_room

Skill      XL: |  1  2  3  4  5  6  7  8  9 10 11 12 13 14 15 16 17 18 19 20 |
---------------+-------------------------------------------------------------+-----
Fighting       | 4 5 6 7 9 10 11 12 13 15 17 | 17.9
Maces & Flails | 3 4 5 6 8 10 12 13 16 19 20 | 20.8
Shields        | 5 9 12 14 15 | 15.0
Invocations    | 4 9 11 | 11.4
Armour         | 5 10 12 14 16 | 16.8
Dodging        | 4 6 |  6.2

Action                   |  1- 3 |  4- 6 |  7- 9 | 10-12 | 13-15 | 16-18 | 19-21 || total
-------------------------+-------+-------+-------+-------+-------+-------+-------++-------
Melee: Flail             |    92 |   154 |   653 |   413 |       |       |       ||  1312
       Demon whip        |       |       |       |   317 |  1374 |  1487 |  1185 ||  4363
       Unarmed           |       |       |       |       |     2 |       |       ||     2
Invok: Heroism           |       |       |       |     9 |     9 |    10 |     4 ||    32
       Finesse           |       |       |       |     2 |     8 |    11 |     5 ||    26
 Abil: Fly               |       |       |       |       |     1 |       |       ||     1
Evoke: Wand              |       |       |     4 |     9 |       |       |       ||    13
  Use: Scroll            |     4 |     3 |    13 |    18 |    16 |    12 |     6 ||    72
       Potion            |       |     3 |     4 |     4 |       |     2 |     6 ||    19
 Stab: Confused          |       |       |       |     2 |       |       |       ||     2
       Petrified         |       |       |       |       |     1 |       |       ||     1
       Distracted        |       |       |       |       |       |     1 |       ||     1
  Eat: Chunk             |       |     4 |    12 |    13 |    17 |    12 |     3 ||    61
       Ration            |       |       |     2 |     4 |     7 |     6 |     5 ||    24
Armor: Scale mail        |    55 |   112 |   506 |   288 |   108 |       |       ||  1069
       Chain mail        |       |       |       |       |   409 |   476 |   348 ||  1233
Dodge: Dodged            |    37 |    45 |   231 |   162 |   294 |   397 |   335 ||  1501
Block: Kite shield       |    50 |    97 |   435 |   325 |  1243 |  1388 |  1005 ||  4543
       Reflection        |       |       |       |       |   130 |   162 |    50 ||   342

Table legend:
 A = Non-vault XP
 B = Vault XP
 C = Vault XP percentage of total XP
 D = Non-vault monster count
 E = Vault monster count
 F = Vault count percentage of total count
                 A         B        C        D         E       F
            +---------+---------+-------+---------+---------+-------
      Total |  263616 |  201823 |  43.4 |     866 |     431 |  33.2
            +---------+---------+-------+---------+---------+-------
        D:1 |      65 |       0 |   0.0 |      22 |       0 |   0.0
        D:2 |     174 |     243 |  58.3 |      27 |       2 |   6.9
        D:3 |     167 |     141 |  45.8 |      23 |       1 |   4.2
        D:4 |     670 |     229 |  25.5 |      21 |       9 |  30.0
        D:5 |     584 |     223 |  27.6 |      17 |       5 |  22.7
        D:6 |     610 |    1154 |  65.4 |      22 |      17 |  43.6
        D:7 |     459 |    2549 |  84.7 |      22 |      19 |  46.3
        D:8 |    2243 |    1975 |  46.8 |      24 |       6 |  20.0
        D:9 |    2526 |    2603 |  50.8 |      20 |      17 |  45.9
       D:10 |    3692 |       0 |   0.0 |      32 |       0 |   0.0
       D:11 |    5037 |    2504 |  33.2 |      33 |       5 |  13.2
       D:12 |    2983 |     852 |  22.2 |      23 |       4 |  14.8
       D:13 |   12030 |    6456 |  34.9 |      46 |      17 |  27.0
       D:14 |    1744 |       0 |   0.0 |      16 |       0 |   0.0
     Lair:1 |    2946 |     733 |  19.9 |      15 |       3 |  16.7
     Lair:2 |    1472 |     516 |  26.0 |       7 |       2 |  22.2
     Lair:3 |    4166 |    1364 |  24.7 |      16 |      18 |  52.9
     Lair:4 |    2243 |     193 |   7.9 |      12 |       1 |   7.7
     Lair:5 |    2884 |       0 |   0.0 |      10 |       0 |   0.0
     Lair:6 |   11550 |   12357 |  51.7 |      36 |      30 |  45.5
   Shoals:1 |   13937 |    1963 |  12.3 |      27 |       1 |   3.6
   Shoals:2 |   10614 |    6039 |  36.3 |      22 |       6 |  21.4
   Shoals:3 |   14163 |   12728 |  47.3 |      25 |       8 |  24.2
   Shoals:4 |   12333 |   27812 |  69.3 |      26 |      39 |  60.0
    Snake:1 |    5703 |       0 |   0.0 |      11 |       0 |   0.0
    Snake:2 |   14743 |    9030 |  38.0 |      25 |       8 |  24.2
    Snake:3 |   19880 |    5554 |  21.8 |      39 |       6 |  13.3
    Snake:4 |   28722 |   45172 |  61.1 |      46 |      65 |  58.6
      Orc:1 |     509 |   12410 |  96.1 |       4 |      34 |  89.5
      Orc:2 |    6400 |   10764 |  62.7 |      59 |      20 |  25.3
   Vaults:1 |   30989 |   13421 |  30.2 |      66 |      19 |  22.4
   Vaults:2 |   40166 |   13251 |  24.8 |      63 |      15 |  19.2
    Abyss:3 |    7212 |    3519 |  32.8 |       9 |       2 |  18.2
    Abyss:4 |       0 |     230 | 100.0 |       0 |       1 | 100.0
     Bailey |       0 |     590 | 100.0 |       0 |      32 | 100.0
    Volcano |       0 |    5248 | 100.0 |       0 |      19 | 100.0
            +---------+---------+-------+---------+---------+-------
